 Dungeon Crawl Stone Soup version 0.30-a0-830-gfe289a77b0 (webtiles) character file.

Game seed: 1335003736277494546

27708 freelancePsychic the Skirmisher (level 13, -9/124 HPs)
             Began as a Naga Venom Mage on Feb 28, 2023.
             Was the Champion of Cheibriados.
             Mangled by a two-headed ogre
             ... wielding a +0 giant spiked club
              (14 damage)
             ... on level 1 of the Orcish Mines.
             The game lasted 00:28:53 (12057 turns).

freelancePsychic the Skirmisher (Naga Venom Mage)  Turns: 12057, Time: 00:28:53

Health: -9/124     AC: 16    Str: 29    XL:     13   Next: 34%
Magic:  1/19       EV: 16    Int: 39    God:    Cheibriados [******]
Gold:   885        SH:  0    Dex: 33    Spells: 10/20 levels left

rFire   . . .      SeeInvis +    a - +2 arbalest "Mochoicw" {flame, +Blink rPois Dex+5}
rCold   . . .      Faith    .    (shield currently unavailable)
rNeg    . . .      Spirit   .    c - +0 steam dragon scales
rPois   +          Reflect  .    e - +1 helmet {SInv}
rElec   .          Harm     .    (no cloak)
rCorr   .          Rampage  .    x - +1 pair of gloves
Will    +....                    f - +2 barding "Saitwuam" {Str+2}
Stlth   +++++                    i - amulet of the acrobat
HPRegen 0.40/turn                o - +6 ring of intelligence
MPRegen 0.16/turn                D - +5 ring of evasion

@: very slow
A: AC +4, large, see invisible, deformed body, poison resistance, slowness 2,
spit poison 1, naga tail 2
a: Spit Poison, Renounce Religion, Evoke Blink, Bend Time, Temporal Distortion,
Slouch, Step From Time


You were on level 1 of the Orcish Mines.
You worshipped Cheibriados.
Cheibriados was exalted by your worship.
You visited 3 branches of the dungeon, and saw 13 of its levels.
You also visited: Gauntlet.

You collected 1095 gold pieces.
You spent 210 gold pieces at shops.

Inventory:

Hand Weapons
 a - the +2 arbalest "Mochoicw" (weapon) {flame, +Blink rPois Dex+5}
   (You acquired it on level 5 of the Dungeon)

   Dex:       It affects your dexterity (+5).
   rPois:     It protects you from poison.
   +Blink:    It lets you blink.
 b - the +4 arbalest of Xesk {drain, Will+ Dex+2}
   (You took it off a minotaur in a Gauntlet)

   Dex:       It affects your dexterity (+2).
   Will:      It increases your willpower.
 B - a +2 spear of venom
 K - a +0 heavy arbalest
Missiles
 M - a throwing net
Armour
 c - +0 steam dragon scales (worn)
 e - a +1 helmet of see invisible (worn)
 f - the +2 barding "Saitwuam" (worn) {Str+2}
   (You acquired it on level 1 of the Dungeon)

   Str:       It affects your strength (+2).
 h - a +0 robe
 x - a +1 pair of gloves (worn)
 R - +1 acid dragon scales
Magical Staves
 v - a staff of earth
Jewellery
 i - an amulet of the acrobat (around neck)
 o - a +6 ring of intelligence (left hand)
 D - a +5 ring of evasion (right hand)
 F - an amulet of magic regeneration
 I - a +5 ring of evasion
 L - the ring "Tewuh" {Fly rPois Will+ Str+7 Stlth+}
   (You found it on level 10 of the Dungeon)

   [ring of flight]

   Str:       It affects your strength (+7).
   rPois:     It protects you from poison.
   Fly:       It grants you flight.
   Will:      It increases your willpower.
   Stlth:     It makes you more stealthy.
Wands
 y - a wand of roots (13)
 C - a wand of polymorph (12)
 E - a wand of acid (11)
 G - a wand of flame (21)
 H - a wand of mindburst (4)
Scrolls
 d - a scroll of noise
 g - a scroll of poison
 l - 2 scrolls of vulnerability
 t - a scroll of enchant weapon
 w - 2 scrolls of teleportation {@r4}
 A - 2 scrolls of fog
 N - a scroll of summoning
 P - a scroll of blinking {unknown}
Potions
 j - 2 potions of mutation
 k - a potion of berserk rage
 m - 2 potions of attraction
 n - 3 potions of brilliance
 p - 3 potions of degeneration {unknown}
 q - 4 potions of might {unknown}
 r - 2 potions of invisibility {unknown}
 s - 3 potions of lignification {unknown}
 u - 3 potions of flight {unknown}
 z - 2 potions of curing {@q1}
 J - a potion of cancellation {unknown}
Miscellaneous
 O - a phial of floods


   Skills:
 + Level 10.3 Fighting
 - Level 2.3 Short Blades
 - Level 1.6 Polearms
 * Level 12.2 Ranged Weapons
 - Level 3.5 Dodging
 - Level 7.1 Stealth
 - Level 4.0 Spellcasting
 - Level 5.8 Transmutations
 - Level 5.5 Fire Magic
 - Level 1.0 Air Magic
 - Level 8.0 Poison Magic
 + Level 9.0 Invocations


You had 10 spell levels left.
You knew the following spells:

 Your Spells              Type           Power      Damage    Failure   Level
a - Sting                 Tmut/Pois      100%       1d8       1%          1
b - Poisonous Vapours     Pois/Air       84%        N/A       1%          2
c - Ignite Poison         Fire/Tmut/Pois 55%        N/A       1%          3
d - Olgreb's Toxic Radia  Pois           63%        N/A       1%          4

Your spell library contained the following spells:

 Spells                   Type           Power      Damage    Failure   Level
 Cigotuvi's Dreadful Rot  Necr/Pois/Air  62%        N/A       1%          2
 Passwall                 Tmut/Erth      25%        N/A       1%          2
 Wereblood                Tmut           52%        N/A       1%          2
 Magic Dart               Conj           28%        1d4       3%          1
 Necrotise                Necr           28%        1d5       3%          1
 Mephitic Cloud           Conj/Pois/Air  31%        N/A       3%          3
 Static Discharge         Conj/Air       22%        2-3/arc   4%          2
 Kindle Blastsparks       Fire/Tloc/Air  48%        2d14      4%          3
 Blink                    Tloc           14%        N/A       5%          2
 Call Imp                 Summ           7%         N/A       5%          2
 Ensorcelled Hibernation  Hex/Ice        14%        N/A       5%          2
 Momentum Strike          Conj/Tloc      14%        3d8       5%          2
 Sublimation of Blood     Necr           7%         N/A       5%          2
 Swiftness                Air            15%        N/A       7%          3
 Vhi's Electric Charge    Tloc/Air       22%        N/A       9%          3
 Vampiric Draining        Necr           7%         2d6       11%         3
 Iskenderun's Mystic Bla  Conj/Tloc      7%         2d4       34%         4
 Arcjolt                  Conj/Air       5%         1d15      61%         5
 Lightning Bolt           Conj/Air       5%         1d17      61%         5
 Freezing Cloud           Conj/Ice/Air   5%         6-21      65%         5
 Agony                    Necr           7%         N/A       67%         5
 Summon Hydra             Summ           3%         N/A       100%        7


Dungeon Overview and Level Annotations

Branches:
Dungeon (10/15)            Temple (1/1) D:5             Orc (2/2) D:10
    Elf (0/3) Orc:2       Gauntlet (visited)
   Lair: D:8-11

Altars:
Cheibriados
Dithmenos
Elyvilon
Fedhas
Hepliaklqana
Kikubaaqudgha
Makhleb
Nemelex Xobeh
Okawaru
Qazlal
Ru
Sif Muna
Uskayaw
Vehumet
Xom
Yredelemnul
Zin

Shops:
D:3 *   D:6 !

Portals:
Trove: D:10 (give 20 potions of curing)


Innate Abilities, Weirdness & Mutations

Your serpentine skin is tough. (AC +4)
You have supernaturally acute eyesight. (SInv)
Armour fits poorly on your strangely shaped body.
Your system is resistant to poisons. (rPois)
You cover ground very slowly.
You can spit poison.
You can use your snake-like lower body to constrict enemies.


Message History

What are your orders? t - Shout!
Orders for allies: a - Attack new target. r - Retreat! s - Stop attacking. g - Guard the area. f - Follow me.
Anything else - Cancel.
Okay, then.
The air fills with toxic fumes!
As you read the scroll of poison, it crumbles to dust.
The two-headed ogre attacks as you move away!
The two-headed ogre barely misses you. The two-headed ogre misses you.
The two-headed ogre completely misses you. x2
The two-headed ogre barely misses you.
The two-headed ogre hits you with a +0 giant club.
* * * LOW HITPOINT WARNING * * *
The two-headed ogre is poisoned.
The two-headed ogre attacks as you move away!
The two-headed ogre completely misses you.
The two-headed ogre barely misses you.
The two-headed ogre attacks as you move away!
The two-headed ogre misses you.
The two-headed ogre completely misses you.
The two-headed ogre is engulfed in poison gas.
The two-headed ogre looks even sicker.
The two-headed ogre is engulfed in poison gas.
The two-headed ogre looks even sicker.
The two-headed ogre hits you with a +0 giant spiked club!!
* * * LOW HITPOINT WARNING * * *
The two-headed ogre completely misses you.
Okay, then.
Okay, then.
Okay, then.
Activating: Slouch (1% risk of failure)
Press: ? - help, Dir - look around, f - activate You can feel time thicken for a moment.
The two-headed ogre is engulfed in poison gas.
The two-headed ogre looks as sick as possible!
The two-headed ogre barely misses you.
The two-headed ogre hits you with a +0 giant club!
You die...

........####..................##
.........☼#§#§§§§§§☼§§#..######
.........§§§§§☼§§§§§§§....##.##
.........§#☼§§§☼§☼§☼○#....#...##
..##.....§§§§§§☼○☼§§§§.........##
#........§§§§§.§☼§§§☼☼..........#
.........§§☼☼§O§§§☼§§§...........
.........§§☼☼.§☼○§§§§§..#.......#
#..#.....☼§§§§§O@§§§○§...#..##...
.........☼☼§§§§○☼☼§§☼§..#...###.#
#......[.§○§☼§§☼§○§§☼§.###)## ###
.#....)..§§§§§☼§§§§§§§..#.##
..)...).#§#§§○§§§§§§☼§.....#
....).)...§§§○§§§§§☼§§.....###
.............................##
......).......................#
..#...<).))..)............##.##


You could see 2 two-headed ogres.

Vanquished Creatures
  An orc warlord (Orc:2)
  Snorg (Orc:2)
  A minotaur (Gauntlet)
  4 ogre magi (Orc:2)
  15 two-headed ogres
  2 death yaks (Gauntlet)
  Pikel (D:8)
  4 orc sorcerers
  Maggie (D:5)
  A smoke demon (D:10)
  A freezing wraith (D:9)
  A queen bee (Gauntlet)
  A troll (Orc:2)
  Prince Ribbit (D:5)
  A hornet (D:10)
  3 shadows (D:10)
  A wraith (D:10)
  6 yaks (D:9)
  A steam dragon (shapeshifter) (Gauntlet)
  Eustachio (D:5)
  2 wargs (Orc:2)
  Duvessa (Temple)
  A water moccasin (D:5)
  2 sky beasts
  13 orc warriors
  An ice beast (D:7)
  A black bear (D:6)
  25 ogres
  A centaur (D:9)
  3 kobold brigands
  2 lemures (D:8)
  A phantom (D:6)
  A gnoll sergeant (D:5)
  2 necrophages
  4 bullfrogs
  13 wights
  Dowan (Temple)
  3 troll zombies (D:10)
  3 killer bees (Gauntlet)
  8 orc priests
  A hound (D:5)
  4 iguanas
  20 orc wizards
  5 ogre zombies (D:10)
  5 gnolls
  3 adders
  5 shadow imps
  3 white imps
  An ufetubus (D:7)
  3 worms
  3 dart slugs (D:1)
  39 orcs
  5 ball pythons
  3 endoplasms
  3 giant cockroaches
  9 goblins
  5 hobgoblins
  8 jackals
  2 quokkas
  4 bats
  2 frilled lizards
  3 goblin skeletons (D:10)
  A goblin zombie (D:10)
  2 hobgoblin skeletons (D:10)
  2 hobgoblin zombies (D:10)
  16 kobolds
  2 orc skeletons (D:10)
  15 orc zombies (D:10)
  5 rats
  A butterfly (D:9)
316 creatures vanquished.

Vanquished Creatures (collateral kills)
  A death yak (Gauntlet)
  A necromancer (Gauntlet)
2 creatures vanquished.

Vanquished Creatures (others)
  A kobold (D:8)
  5 fungi (Gauntlet)
  16 plants (Gauntlet)
  14 withered plants (Gauntlet)
36 creatures vanquished.

Grand Total: 354 creatures vanquished

Notes
Turn   | Place    | Note
-------+----------+-------------------------------------------
     0 | D:1      | freelancePsychic the Naga Venom Mage began the quest for
                  | the Orb.
     0 | D:1      | Reached XP level 1. HP: 15/15 MP: 3/3
   111 | D:1      | Reached XP level 2. HP: 19/22 MP: 0/5
   114 | D:1      | Learned a level 2 spell: Poisonous Vapours
   696 | D:1      | Reached skill level 1 in Air Magic
   696 | D:1      | Reached XP level 3. HP: 7/28 MP: 0/6
  1312 | D:1      | Identified a scroll of acquirement
  1313 | D:1      | Acquired the +2 barding "Saitwuam" {Str+2}
  2079 | D:2      | Reached skill level 5 in Stealth
  2567 | D:3      | Found a snail-covered altar of Cheibriados.
  2589 | D:3      | Found an iron altar of Okawaru.
  2608 | D:3      | Became a worshipper of Cheibriados the Contemplative
  2971 | D:3      | Reached XP level 4. HP: 16/36 MP: 1/7
  3066 | D:3      | Learned a level 4 spell: Olgreb's Toxic Radiance
  3731 | D:3      | Found Jydwatol's Assorted Antiques.
  3824 | D:4      | Noticed a necrophage
  3887 | D:4      | Found a glowing silver altar of Zin.
  4438 | D:4      | Reached skill level 1 in Fighting
  4438 | D:4      | Reached skill level 5 in Poison Magic
  4618 | D:5      | Entered Level 5 of the Dungeon
  4641 | D:5      | Reached XP level 5. HP: 44/44 MP: 5/8
  4718 | D:5      | Reached * piety under Cheibriados
  4726 | D:5      | You fall into a shaft and drop 2 floors!
  4835 | D:7      | Noticed a sky beast
  4945 | D:6      | Reached XP level 6. HP: 52/52 MP: 9/9
  5086 | D:6      | Noticed a black bear
  5093 | D:6      | Killed a black bear
  5094 | D:6      | Reached skill level 1 in Short Blades
  5469 | D:5      | Noticed Eustachio
  5473 | D:5      | Reached XP level 7. HP: 55/61 MP: 2/10
  5634 | D:6      | Reached ** piety under Cheibriados
  5730 | D:5      | Killed Eustachio
  5731 | D:5      | Reached skill level 1 in Polearms
  6048 | D:5      | Acquired the +2 arbalest "Mochoicw" {flame, +Blink rPois
                  | Dex+5}
  6098 | D:5      | Noticed Prince Ribbit
  6108 | D:5      | Reached skill level 1 in Ranged Weapons
  6120 | D:5      | Killed Prince Ribbit
  6121 | D:5      | Reached skill level 3 in Ranged Weapons
  6121 | D:5      | Reached XP level 8. HP: 45/73 MP: 8/11
  6272 | D:5      | Found a staircase to the Ecumenical Temple.
  6402 | D:5      | Noticed Dowan
  6410 | Temple   | Entered the Ecumenical Temple
  6425 | D:5      | Noticed Duvessa
  6440 | Temple   | Killed Duvessa
  6440 | Temple   | Killed Dowan
  6709 | D:6      | Found Amiured's Distillery.
  6713 | D:6      | Noticed Maggie
  6725 | D:5      | Killed Maggie
  6726 | D:5      | Reached skill level 5 in Fighting
  6726 | D:5      | Reached skill level 4 in Ranged Weapons
  6811 | D:6      | Reached skill level 5 in Ranged Weapons
  6811 | D:6      | Reached XP level 9. HP: 81/81 MP: 12/12
  6959 | D:3      | Bought a runed helmet for 210 gold pieces
  7495 | D:7      | Found a sacrificial altar of Ru.
  7495 | D:7      | Found a basalt altar of Yredelemnul.
  7497 | D:7      | Found a blossoming altar of Fedhas.
  7497 | D:7      | Found a hazy altar of Hepliaklqana.
  7659 | D:7      | Reached *** piety under Cheibriados
  7932 | D:7      | Found a sparkling altar of Nemelex Xobeh.
  8005 | D:8      | Noticed Pikel
  8011 | D:8      | Killed Pikel
  8012 | D:8      | Reached skill level 6 in Ranged Weapons
  8012 | D:8      | Reached skill level 1 in Invocations
  8445 | D:8      | Found a radiant altar of Vehumet.
  8480 | D:8      | Found a hide-covered altar of Uskayaw.
  8583 | D:8      | Identified the +0 swamp dragon scales of Emuduwk {rPois
                  | Slay+2}
  8603 | D:8      | Learned a level 3 spell: Ignite Poison
  8708 | D:8      | Found a stormy altar of Qazlal.
  8731 | D:8      | Reached skill level 1 in Fire Magic
  9184 | D:9      | Reached **** piety under Cheibriados
  9232 | D:9      | Reached XP level 10. HP: 89/92 MP: 14/14
  9289 | D:9      | Found a shimmering altar of Xom.
  9995 | D:10     | Entered Level 10 of the Dungeon
 10054 | D:10     | Reached ***** piety under Cheibriados
 10072 | D:10     | Reached skill level 5 in Transmutations
 10073 | D:10     | Noticed a two-headed ogre
 10077 | D:10     | Killed a two-headed ogre
 10078 | D:10     | Reached skill level 5 in Fire Magic
 10203 | D:10     | Found a staircase to the Orcish Mines.
 10217 | D:10     | Identified the ring "Tewuh" {Fly rPois Will+ Str+7 Stlth+}
 10369 | D:10     | Found a portal to a secret trove of treasure.
 10547 | D:10     | Found a burning altar of Makhleb.
 10547 | D:10     | Noticed a smoke demon
 10553 | D:10     | Killed a smoke demon
 10554 | D:10     | Reached skill level 7 in Ranged Weapons
 10554 | D:10     | Reached XP level 11. HP: 92/99 MP: 17/17
 10720 | Orc:1    | Entered Level 1 of the Orcish Mines
 10777 | Orc:1    | Noticed an orc sorcerer
 10780 | Orc:1    | Killed an orc sorcerer
 10846 | Orc:1    | Noticed an orc sorcerer
 10849 | Orc:1    | Killed an orc sorcerer
 11169 | Orc:2    | Entered Level 2 of the Orcish Mines
 11180 | Orc:2    | Noticed an orc warlord
 11182 | Orc:2    | Noticed an orc sorcerer
 11185 | Orc:2    | Killed an orc sorcerer
 11186 | Orc:2    | Reached skill level 8 in Ranged Weapons
 11189 | Orc:2    | Killed an orc warlord
 11193 | Orc:2    | Reached ****** piety under Cheibriados
 11202 | Orc:2    | Reached skill level 5 in Invocations
 11261 | Orc:2    | Found a staircase to the Elven Halls.
 11261 | Orc:2    | Noticed a two-headed ogre
 11270 | Orc:2    | Killed a two-headed ogre
 11271 | Orc:2    | Reached skill level 9 in Ranged Weapons
 11281 | Orc:2    | Found a gate leading to a gauntlet.
 11303 | Gauntlet | Entered a Gauntlet
 11303 | Gauntlet | Found a transporter.
 11303 | Gauntlet | Found a transporter.
 11303 | Gauntlet | Found a transporter.
 11333 | Gauntlet | Found a transporter.
 11334 | Gauntlet | Found a transporter.
 11344 | Gauntlet | Found a transporter.
 11348 | Gauntlet | Found a transporter.
 11352 | Gauntlet | Noticed an eight-headed hydra
 11353 | Gauntlet | Noticed a necromancer
 11357 | Gauntlet | Noticed a death yak
 11359 | Gauntlet | Noticed a death yak
 11363 | Gauntlet | Noticed a death yak
 11364 | Gauntlet | Found a transporter.
 11365 | Gauntlet | Noticed a death yak
 11365 | Gauntlet | Found a transporter.
 11382 | Gauntlet | Found a transporter.
 11386 | Gauntlet | Found a transporter.
 11396 | Gauntlet | Found a transporter.
 11454 | Gauntlet | a floating eye changed into a fire crab
 11454 | Gauntlet | Noticed a fire crab (shapeshifter)
 11456 | Gauntlet | a fire crab changed into a harpy
 11456 | Gauntlet | Noticed a harpy (shapeshifter)
 11479 | Gauntlet | Noticed a death yak
 11611 | Gauntlet | Killed a necromancer
 11612 | Gauntlet | Killed a death yak
 11613 | Gauntlet | Reached XP level 12. HP: 112/112 MP: 18/18
 11622 | Gauntlet | Killed a death yak
 11630 | Gauntlet | Killed a death yak
 11743 | Gauntlet | Identified the +4 arbalest of Xesk {drain, Will+ Dex+2}
 11743 | Gauntlet | Noticed a minotaur
 11748 | Gauntlet | Killed a minotaur
 11749 | Gauntlet | Reached skill level 10 in Ranged Weapons
 11817 | Gauntlet | Got the Precepts of the Jaunt
 12002 | Orc:2    | Noticed a two-headed ogre
 12002 | Orc:2    | Noticed a two-headed ogre
 12002 | Orc:2    | Noticed an ogre mage
 12002 | Orc:2    | Noticed a two-headed ogre
 12002 | Orc:2    | Noticed a two-headed ogre
 12002 | Orc:2    | Noticed an ogre mage
 12003 | Orc:2    | Noticed an ogre mage
 12003 | Orc:2    | Noticed a two-headed ogre
 12004 | Orc:2    | Noticed a two-headed ogre
 12005 | Orc:2    | Killed a two-headed ogre
 12005 | Orc:2    | Noticed an ogre mage
 12005 | Orc:2    | Noticed a two-headed ogre
 12007 | Orc:2    | Noticed a two-headed ogre
 12007 | Orc:2    | Killed a two-headed ogre
 12007 | Orc:2    | Killed a two-headed ogre
 12007 | Orc:2    | Killed a two-headed ogre
 12007 | Orc:2    | Killed an ogre mage
 12007 | Orc:2    | Killed an ogre mage
 12007 | Orc:2    | Paralysed by an ogre mage for 3 turns
 12007 | Orc:2    | Noticed a two-headed ogre
 12009 | Orc:2    | Noticed a two-headed ogre
 12009 | Orc:2    | Killed an ogre mage
 12010 | Orc:2    | Reached skill level 11 in Ranged Weapons
 12010 | Orc:2    | Noticed a two-headed ogre
 12010 | Orc:2    | Killed a two-headed ogre
 12011 | Orc:2    | Killed a two-headed ogre
 12011 | Orc:2    | Killed an ogre mage
 12012 | Orc:2    | Noticed a two-headed ogre
 12013 | Orc:2    | Noticed a two-headed ogre
 12014 | Orc:2    | Noticed a two-headed ogre
 12015 | Orc:2    | Killed a two-headed ogre
 12015 | Orc:2    | Killed a two-headed ogre
 12016 | Orc:2    | Gained mutation: You can use your snake-like lower body to
                  | constrict enemies. [Naga growth]
 12016 | Orc:2    | Reached XP level 13. HP: 105/123 MP: 15/19
 12017 | Orc:2    | Reached skill level 10 in Fighting
 12019 | Orc:2    | Reached skill level 12 in Ranged Weapons
 12019 | Orc:2    | Noticed Snorg
 12038 | Orc:2    | Killed Snorg
 12056 | Orc:1    | HP: 5/124 [two-headed ogre/+0 giant spiked club (21)]
 12057 | Orc:1    | Mangled by a two-headed ogre

Illustrated notes

Levels and vault maps discovered:
D:1:      evilmike_arrival_home_sweet_home, layout_basic, minmay_split_cup_small
D:2:      layout_loops_corners
D:3:      layout_basic, mainiacjoe_overflow_large_starburst, serial_shops,
          nicolae_diamond_shop
D:4:      layout_basic, mainiacjoe_overflow_six_doors_small, serial_bayou_pond_d
D:5:      layout_loops_ring, minmay_temple_entry_grid, roderic_malta_cross,
          kennysheep_generic_room_4, uniq_prince_ribbit1, uniq_eustachio,
          uniq_duvessa
D:6:      layout_rooms, serial_shops, nicolae_shop_crystal, st_stairs_7,
          uniq_maggie
D:7:      layout_basic, chequers_temple_overflow_statue_of_worship,
          kennysheep_mini_moat, minmay_misc_feat_five, minmay_misc_feat_ornament
D:8:      layout_loops_corners, vehumet_altar_wand_db,
          nicolae_overflow_crystal_walls, grunt_qazlal_clouds, minmay_puff,
          uniq_pikel
D:9:      layout_roguey, xom_butterflies, small_chamber_with_monster,
          nicolae_concentric_dashed_squares_wild
D:10:     layout_roguey, demons_altar, zombieorc2_lemuel, enter_trove_1
Temple:   nicolae_temple_ecumenical_triangle
Orc:1:    layout_caves
Orc:2:    st_orc_ogre_mass, layout_caves, basic_altar, gauntlet_entry_generic,
          uniq_snorg

Skill      XL: |  1  2  3  4  5  6  7  8  9 10 11 12 13 |
---------------+----------------------------------------+-----
Stealth        | 4 5 6 7 |  7.1
Air Magic      | 1 |  1.0
Fighting       | 1 2 4 5 6 8 9 10 | 10.3
Poison Magic   | 5 6 7 8 |  8.0
Short Blades   | 2 |  2.3
Polearms       | 1 |  1.6
Ranged Weapons | 3 5 6 7 9 11 12 | 12.2
Dodging        | 2 3 |  3.5
Invocations    | 2 6 8 9 |  9.0
Fire Magic     | 1 5 |  5.5
Transmutations | 2 5 |  5.8
Spellcasting   | 4 |  4.0

Action                     |  1- 3 |  4- 6 |  7- 9 | 10-12 | 13-15 || total
---------------------------+-------+-------+-------+-------+-------++-------
  Melee: Unarmed           |    12 |       |       |       |       ||    12
         Dagger            |    63 |   125 |     6 |       |       ||   194
         Punch             |       |     2 |       |       |       ||     2
         Spear             |       |       |     3 |       |       ||     3
   Fire: Arbalest          |       |       |   105 |   184 |    16 ||   305
   Cast: Sting             |     8 |       |       |       |       ||     8
         Poisonous Vapours |    46 |    37 |    11 |       |       ||    94
         Olgreb's Toxic Ra |       |       |     9 |    26 |     3 ||    38
         Ignite Poison     |       |       |       |    21 |     2 ||    23
 Invoke: Slouch            |       |       |       |       |     1 ||     1
Ability: Spit Poison       |     6 |     5 |     3 |       |       ||    14
  Evoke: Wand              |       |       |     3 |       |       ||     3
    Use: Scroll            |     5 |     5 |     7 |     3 |     2 ||    22
         Potion            |       |       |     2 |     3 |       ||     5
   Stab: Sleeping          |       |     4 |       |       |       ||     4
 Armour: Robe              |    12 |    57 |    25 |       |       ||    94
         Steam dragon scal |       |       |    30 |    34 |     2 ||    66
  Dodge: Dodged            |    37 |    64 |    85 |   104 |    48 ||   338

Table legend: (Time is in decaauts)
 A = Elapsed time spent in this place.
 B = Non-inter-level travel time spent in this place.
 C = Inter-level travel time spent in this place.
 D = Time resting spent in this place.
 E = Time spent auto-exploring this place.
 F = Levels seen in this place.
 G = Mean time per level.
                   A        B        C        D        E       F      G
               +--------+--------+--------+--------+--------+-----+--------+
         Total |  19929 |  18772 |   1157 |    810 |  15174 |  14 | 1423.5 |
       Dungeon |  17021 |  15918 |   1103 |    489 |  13360 |  10 | 1702.1 |
        Temple |    218 |    218 |      0 |    190 |     10 |   1 |  218.0 |
  Orcish Mines |   1677 |   1623 |     54 |     38 |   1182 |   2 |  838.5 |
      Gauntlet |   1011 |   1011 |      0 |     93 |    621 |   1 | 1011.0 |
               +--------+--------+--------+--------+--------+-----+--------+

Top non-repeatable levels by time:
     D:8: 2333 daAuts
     D:3: 2058 daAuts
     D:5: 1804 daAuts
     D:4: 1747 daAuts
     D:9: 1671 daAuts
     D:1: 1608 daAuts
     D:2: 1518 daAuts
     D:6: 1509 daAuts
    D:10: 1473 daAuts
     D:7: 1296 daAuts
Gauntlet: 1011 daAuts
   Orc:1: 959 daAuts
   Orc:2: 718 daAuts
  Temple: 218 daAuts
